[ PARTIDA AOE2 · #475666126 ]
Team RMSarracenos vs Persians
[ ANÁLISIS DE REPETICIÓN · EXTRAÍDO DE LA PARTIDA GRABADA ]
Feudal
12:12
Castillos
15:53
Imperial
29:16
| APM promedio | 12.6 |
| APM pico | 30 |
| eAPM promedio | 10.5 |
| Aldeanos / militares | 115 / 162 |
Foco
⚔️ 23.4% · 🌾 76.6%
Cavalry Archer ×147 · Bombard Cannon ×15
Feudal
10:38
Castillos
15:21
Imperial
38:42
| APM promedio | 28.8 |
| APM pico | 64 |
| eAPM promedio | 17.8 |
| Aldeanos / militares | 152 / 395 |
Foco
⚔️ 26.0% · 🌾 74.0%
Scout Cavalry ×255 · Scorpion ×82 · Skirmisher ×25 · Monaspa ×21 · Battering Ram ×11 · Monk ×1
Feudal
10:50
Castillos
18:15
Imperial
31:17
| APM promedio | 34.2 |
| APM pico | 83 |
| eAPM promedio | 27.6 |
| Aldeanos / militares | 119 / 197 |
Foco
⚔️ 47.4% · 🌾 52.6%
Spearman ×168 · Unknown (2579) ×123 · Unknown (2550) ×121 · Mangonel ×10 · Monk ×6 · Trebuchet (Packed) ×6
Feudal
12:04
Castillos
18:18
Imperial
31:42
| APM promedio | 27.7 |
| APM pico | 95 |
| eAPM promedio | 17.2 |
| Aldeanos / militares | 146 / 364 |
Foco
⚔️ 29.0% · 🌾 71.0%
Skirmisher ×228 · Knight ×71 · Leitis ×50 · Bombard Cannon ×8 · Trebuchet (Packed) ×6 · Monk ×1
Feudal
12:29
Castillos
17:35
Imperial
31:11
| APM promedio | 37.2 |
| APM pico | 67 |
| eAPM promedio | 22.0 |
| Aldeanos / militares | 146 / 612 |
Foco
⚔️ 32.4% · 🌾 67.6%
Spearman ×459 · Knight ×95 · War Elephant ×48 · Bombard Cannon ×6 · Monk ×2 · Trebuchet (Packed) ×2
Feudal
12:11
Castillos
15:41
Imperial
31:19
| APM promedio | 27.8 |
| APM pico | 86 |
| eAPM promedio | 21.0 |
| Aldeanos / militares | 125 / 338 |
Foco
⚔️ 50.4% · 🌾 49.6%
Spearman ×188 · Longbowman ×133 · Trebuchet (Packed) ×16 · Monk ×1
Mapa de la partida
Recursos iniciales + cada clic de construcción. Líneas = muros · curvas = relieve. ◆ oro · ⬟ piedra · ● bayas · ✦ reliquia · ◌ hueco del cierre
Tu base· ✓ Cerrada en 15:53 · 0t muro · 2 puerta(s)
Base de SIR LOOR FAAL· ✓ Cerrada en 15:21 · 0t muro · 2 puerta(s)
Base de Lee· ✓ Cerrada en 18:15 · 0t muro · 2 puerta(s)
Base de Bipaccio· ✓ Cerrada en 18:18 · 0t muro · 3 puerta(s)
Base de Mineirinha· ✓ Cerrada en 17:35 · 0t muro · 3 puerta(s)
Base de Giantazio· ✓ Cerrada en 15:41 · 1t muro · 2 puerta(s)
Terreno inicial suavizado · ◌ = hueco del cierre detectado · pasá el cursor para detalles
Inputs por minuto
— Mosto990 - - SIR LOOR FAAL
Build order — Mosto990
Primeras 150 de 285 acciones detectadas
| 0:01 | Crear | Villager (Male) ×4 |
| 0:03 | Construir | House |
| 0:04 | Construir | House |
| 1:31 | Crear | Villager (Male) |
| 1:45 | Construir | Lumber Camp |
| 2:03 | Crear | Villager (Male) |
| 2:16 | Crear | Villager (Male) |
| 2:52 | Crear | Villager (Male) |
| 3:17 | Crear | Villager (Male) |
| 3:37 | Crear | Villager (Male) |
| 3:56 | Crear | Villager (Male) |
| 3:59 | Construir | House |
| 4:16 | Construir | Mill |
| 4:36 | Crear | Villager (Male) |
| 4:36 | Crear | Villager (Male) |
| 5:20 | Crear | Villager (Male) |
| 5:21 | Crear | Villager (Male) |
| 6:00 | Construir | House |
| 6:11 | Crear | Villager (Male) |
| 6:39 | Construir | Mill |
| 6:41 | Crear | Villager (Male) |
| 6:50 | Crear | Villager (Male) |
| 6:51 | Crear | Villager (Male) |
| 7:52 | Crear | Villager (Male) |
| 8:04 | Construir | House |
| 8:18 | Crear | Villager (Male) |
| 8:40 | Construir | House |
| 8:45 | Crear | Villager (Male) |
| 8:50 | Construir | Mining Camp |
| 9:05 | Crear | Villager (Male) |
| 9:25 | Construir | Mining Camp |
| 9:37 | Crear | Villager (Male) |
| 9:53 | Investigar | Feudal Age |
| 10:58 | Construir | Farm |
| 11:01 | Construir | Farm |
| 11:15 | Construir | Farm |
| 11:30 | Construir | Farm |
| 11:38 | Crear | Villager (Male) |
| 11:38 | Crear | Villager (Male) |
| 12:12 | Edad | Edad Feudal |
| 12:14 | Construir | Blacksmith |
| 12:20 | Construir | Market |
| 13:13 | Investigar | Castle Age |
| 13:36 | Construir | House |
| 13:50 | Construir | House |
| 13:57 | Crear | Villager (Male) |
| 13:58 | Investigar | Double-Bit Axe |
| 14:16 | Construir | House |
| 14:40 | Construir | Farm |
| 14:44 | Construir | Farm |
| 14:48 | Construir | Farm |
| 14:55 | Investigar | Horse Collar |
| 15:00 | Construir | House |
| 15:03 | Construir | House |
| 15:08 | Construir | House |
| 15:16 | Construir | Farm |
| 15:17 | Construir | Farm |
| 15:20 | Construir | Farm |
| 15:22 | Construir | Farm |
| 15:29 | Construir | Farm |
| 15:37 | Crear | Villager (Male) |
| 15:53 | Edad | Edad de los Castillos |
| 16:33 | Construir | Town Center |
| 16:39 | Crear | Villager (Male) |
| 17:00 | Investigar | Bow Saw |
| 17:14 | Crear | Villager (Male) |
| 17:31 | Investigar | Heavy Plow |
| 17:41 | Crear | Villager (Male) |
| 17:59 | Construir | House |
| 18:10 | Crear | Villager (Male) |
| 18:10 | Crear | Villager (Male) |
| 18:13 | Investigar | Gold Mining |
| 18:45 | Construir | Barracks |
| 18:47 | Crear | Villager (Male) |
| 18:48 | Crear | Villager (Male) |
| 19:04 | Crear | Villager (Male) |
| 19:04 | Crear | Villager (Male) |
| 19:27 | Construir | Siege Workshop |
| 19:29 | Crear | Villager (Male) |
| 19:31 | Crear | Villager (Male) |
| 19:38 | Investigar | Gold Shaft Mining |
| 20:02 | Construir | Stable |
| 20:05 | Crear | Villager (Male) |
| 20:06 | Crear | Villager (Male) |
| 20:15 | Construir | Farm |
| 20:25 | Construir | Farm |
| 20:30 | Construir | Farm |
| 20:33 | Crear | Villager (Male) |
| 20:33 | Crear | Villager (Male) |
| 20:46 | Construir | Archery Range |
| 20:49 | Crear | Villager (Male) |
| 20:50 | Crear | Villager (Male) |
| 21:00 | Construir | Farm |
| 21:08 | Construir | Farm |
| 21:15 | Crear | Villager (Male) |
| 21:15 | Crear | Villager (Male) |
| 21:29 | Crear | Villager (Male) |
| 21:31 | Crear | Villager (Male) |
| 21:36 | Construir | Farm |
| 21:43 | Construir | Lumber Camp |
| 22:01 | Crear | Villager (Male) |
| 22:01 | Crear | Villager (Male) |
| 22:08 | Investigar | Wheelbarrow |
| 22:23 | Construir | Farm |
| 22:43 | Construir | Lumber Camp |
| 22:52 | Crear | Villager (Male) |
| 23:06 | Construir | Farm |
| 23:06 | Construir | Farm |
| 23:17 | Investigar | Husbandry |
| 23:29 | Crear | Cavalry Archer |
| 23:29 | Crear | Cavalry Archer |
| 23:30 | Crear | Cavalry Archer |
| 23:31 | Crear | Cavalry Archer |
| 23:54 | Construir | Farm |
| 23:54 | Construir | Farm |
| 23:59 | Crear | Villager (Male) |
| 23:59 | Crear | Villager (Male) |
| 24:27 | Investigar | Hand Cart |
| 24:28 | Crear | Villager (Male) |
| 24:38 | Crear | Villager (Male) |
| 24:47 | Crear | Cavalry Archer |
| 24:52 | Crear | Cavalry Archer |
| 24:52 | Crear | Cavalry Archer |
| 25:04 | Crear | Villager (Male) |
| 25:25 | Construir | University |
| 25:30 | Crear | Villager (Male) |
| 26:05 | Crear | Villager (Male) |
| 26:06 | Investigar | Imperial Age |
| 26:10 | Investigar | Ballistics |
| 26:16 | Investigar | Fletching |
| 26:18 | Investigar | Padded Archer Armor |
| 26:28 | Construir | Blacksmith |
| 26:34 | Crear | Villager (Male) |
| 26:41 | Construir | House |
| 26:43 | Construir | House |
| 26:45 | Construir | House |
| 26:46 | Construir | House |
| 26:48 | Construir | House |
| 26:49 | Construir | House |
| 26:50 | Construir | House |
| 26:51 | Construir | House |
| 26:53 | Construir | House |
| 26:54 | Construir | House |
| 27:01 | Investigar | Bodkin Arrow |
| 27:03 | Crear | Villager (Male) |
| 27:04 | Crear | Villager (Male) |
| 27:12 | Construir | Lumber Camp |
| 27:19 | Investigar | Stone Mining |
| 27:30 | Crear | Villager (Male) |
| 27:31 | Crear | Villager (Male) |
Build order — SIR LOOR FAAL
Primeras 150 de 536 acciones detectadas
| 0:02 | Crear | Villager (Male) |
| 0:02 | Crear | Villager (Male) |
| 0:02 | Crear | Villager (Male) |
| 0:02 | Crear | Villager (Male) |
| 0:03 | Construir | House |
| 0:05 | Construir | House |
| 1:24 | Crear | Villager (Male) |
| 1:24 | Crear | Villager (Male) |
| 2:05 | Crear | Villager (Male) |
| 2:28 | Crear | Villager (Male) |
| 2:28 | Crear | Villager (Male) |
| 2:57 | Crear | Villager (Male) |
| 3:19 | Crear | Villager (Male) |
| 3:19 | Crear | Villager (Male) |
| 3:26 | Construir | House |
| 3:43 | Crear | Villager (Male) |
| 3:54 | Construir | Mill |
| 4:11 | Crear | Villager (Male) |
| 4:39 | Crear | Villager (Male) |
| 4:56 | Crear | Villager (Male) |
| 5:16 | Crear | Villager (Male) |
| 5:16 | Crear | Villager (Male) |
| 5:53 | Crear | Villager (Male) |
| 6:35 | Construir | House |
| 7:00 | Crear | Villager (Male) |
| 7:01 | Crear | Villager (Male) |
| 7:31 | Construir | Mule Cart |
| 7:43 | Construir | Mule Cart |
| 8:28 | Investigar | Feudal Age |
| 8:29 | Investigar | Feudal Age |
| 8:52 | Construir | House |
| 10:38 | Edad | Edad Feudal |
| 10:40 | Construir | Market |
| 10:47 | Construir | Blacksmith |
| 10:52 | Crear | Villager (Male) |
| 10:52 | Crear | Villager (Male) |
| 10:56 | Crear | Villager (Male) |
| 11:36 | Construir | Farm |
| 11:44 | Construir | Farm |
| 12:08 | Crear | Villager (Male) |
| 12:09 | Construir | Farm |
| 12:37 | Construir | Farm |
| 12:41 | Investigar | Castle Age |
| 12:41 | Investigar | Castle Age |
| 12:59 | Investigar | Double-Bit Axe |
| 13:51 | Construir | House |
| 13:52 | Construir | House |
| 14:16 | Crear | Villager (Male) |
| 14:16 | Crear | Villager (Male) |
| 14:59 | Construir | Farm |
| 15:16 | Construir | Farm |
| 15:21 | Edad | Edad de los Castillos |
| 15:23 | Crear | Villager (Male) |
| 15:25 | Crear | Villager (Male) |
| 15:30 | Construir | Town Center |
| 15:41 | Construir | Farm |
| 15:43 | Crear | Villager (Male) |
| 15:48 | Construir | Farm |
| 16:02 | Construir | Farm |
| 16:05 | Construir | Farm |
| 16:09 | Crear | Villager (Male) |
| 16:09 | Crear | Villager (Male) |
| 16:11 | Crear | Villager (Male) |
| 16:15 | Construir | Farm |
| 16:45 | Construir | Farm |
| 16:59 | Crear | Villager (Male) |
| 17:06 | Construir | House |
| 17:06 | Construir | House |
| 17:07 | Construir | House |
| 17:11 | Construir | Farm |
| 17:13 | Crear | Villager (Male) |
| 17:19 | Investigar | Bow Saw |
| 17:29 | Construir | Farm |
| 17:38 | Crear | Villager (Male) |
| 17:40 | Crear | Villager (Male) |
| 17:55 | Construir | Farm |
| 17:58 | Crear | Villager (Male) |
| 18:20 | Construir | Town Center |
| 18:24 | Construir | Farm |
| 18:25 | Crear | Villager (Male) |
| 18:28 | Crear | Villager (Male) |
| 18:28 | Crear | Villager (Male) |
| 18:34 | Construir | House |
| 18:35 | Construir | House |
| 18:49 | Crear | Villager (Male) |
| 18:50 | Crear | Villager (Male) |
| 18:56 | Construir | Farm |
| 19:12 | Construir | Farm |
| 19:15 | Crear | Villager (Male) |
| 19:23 | Crear | Villager (Male) |
| 19:23 | Crear | Villager (Male) |
| 19:37 | Construir | Siege Workshop |
| 19:39 | Construir | Farm |
| 19:41 | Crear | Villager (Male) |
| 19:46 | Crear | Villager (Male) |
| 19:50 | Crear | Villager (Male) |
| 19:50 | Crear | Villager (Male) |
| 19:58 | Construir | Farm |
| 20:08 | Crear | Villager (Male) |
| 20:08 | Crear | Villager (Male) |
| 20:24 | Crear | Villager (Male) |
| 20:30 | Construir | Farm |
| 20:33 | Crear | Villager (Male) |
| 20:40 | Construir | Farm |
| 20:44 | Crear | Villager (Male) |
| 20:45 | Crear | Villager (Male) |
| 20:48 | Crear | Villager (Male) |
| 21:03 | Crear | Villager (Male) |
| 21:07 | Construir | Farm |
| 21:11 | Crear | Villager (Male) |
| 21:12 | Crear | Villager (Male) |
| 21:15 | Crear | Battering Ram |
| 21:16 | Crear | Battering Ram |
| 21:16 | Crear | Battering Ram |
| 21:17 | Crear | Battering Ram |
| 21:21 | Crear | Villager (Male) |
| 21:29 | Construir | Farm |
| 21:31 | Crear | Villager (Male) |
| 21:45 | Investigar | Horse Collar |
| 21:49 | Crear | Villager (Male) |
| 21:51 | Construir | Farm |
| 21:53 | Crear | Villager (Male) |
| 22:06 | Investigar | Stone Mining |
| 22:06 | Investigar | Stone Mining |
| 22:15 | Crear | Villager (Male) |
| 22:20 | Crear | Villager (Male) |
| 22:27 | Construir | Monastery |
| 22:31 | Crear | Villager (Male) |
| 22:40 | Crear | Villager (Male) |
| 22:53 | Crear | Battering Ram |
| 22:58 | Crear | Villager (Male) |
| 23:05 | Construir | House |
| 23:06 | Construir | House |
| 23:07 | Construir | House |
| 23:13 | Construir | University |
| 23:18 | Crear | Monk |
| 23:27 | Construir | Farm |
| 23:28 | Crear | Villager (Male) |
| 23:30 | Crear | Villager (Male) |
| 23:33 | Crear | Villager (Male) |
| 23:39 | Construir | Mule Cart |
| 23:45 | Crear | Villager (Male) |
| 23:47 | Construir | Farm |
| 23:48 | Construir | Farm |
| 23:48 | Construir | Farm |
| 23:48 | Construir | Farm |
| 23:48 | Construir | Farm |
| 23:49 | Crear | Villager (Male) |
| 23:50 | Crear | Villager (Male) |
| 23:53 | Crear | Villager (Male) |
Build order — Lee
Primeras 150 de 726 acciones detectadas
| 0:08 | Construir | House |
| 0:16 | Crear | Villager (Male) |
| 0:16 | Crear | Villager (Male) |
| 0:16 | Crear | Villager (Male) |
| 0:17 | Crear | Villager (Male) |
| 0:17 | Crear | Villager (Male) |
| 0:38 | Construir | House |
| 1:35 | Crear | Villager (Male) |
| 1:35 | Crear | Villager (Male) |
| 1:46 | Crear | Villager (Male) |
| 2:15 | Crear | Villager (Male) |
| 2:15 | Crear | Villager (Male) |
| 2:56 | Crear | Villager (Male) |
| 2:56 | Crear | Villager (Male) |
| 3:23 | Crear | Villager (Male) |
| 3:44 | Construir | Settlement |
| 4:00 | Crear | Villager (Male) |
| 4:00 | Crear | Villager (Male) |
| 4:41 | Crear | Villager (Male) |
| 4:41 | Crear | Villager (Male) |
| 4:42 | Crear | Villager (Male) |
| 5:13 | Construir | Settlement |
| 5:48 | Crear | Villager (Male) |
| 5:48 | Crear | Villager (Male) |
| 6:22 | Crear | Villager (Male) |
| 6:22 | Crear | Villager (Male) |
| 6:22 | Crear | Villager (Male) |
| 6:23 | Crear | Villager (Male) |
| 7:21 | Construir | Barracks |
| 8:15 | Crear | Villager (Male) |
| 8:37 | Investigar | Feudal Age |
| 8:37 | Investigar | Feudal Age |
| 9:00 | Construir | Settlement |
| 9:41 | Construir | House |
| 9:43 | Construir | House |
| 10:30 | Crear | Villager (Male) |
| 10:30 | Crear | Villager (Male) |
| 10:50 | Edad | Edad Feudal |
| 10:51 | Investigar | Double-Bit Axe |
| 10:51 | Investigar | Double-Bit Axe |
| 10:57 | Crear | Villager (Male) |
| 11:13 | Construir | Farm |
| 11:17 | Investigar | Horse Collar |
| 11:22 | Construir | Farm |
| 11:22 | Construir | Farm |
| 11:41 | Construir | Archery Range |
| 11:42 | Crear | Spearman |
| 11:58 | Construir | Blacksmith |
| 12:02 | Crear | Villager (Male) |
| 12:07 | Construir | Farm |
| 12:12 | Construir | Farm |
| 12:17 | Crear | Villager (Male) |
| 12:31 | Construir | Market |
| 12:36 | Construir | House |
| 12:46 | Crear | Villager (Male) |
| 12:46 | Crear | Villager (Male) |
| 13:26 | Crear | Villager (Male) |
| 13:43 | Construir | Farm |
| 13:44 | Construir | Farm |
| 13:52 | Crear | Villager (Male) |
| 14:12 | Construir | Farm |
| 14:21 | Construir | Farm |
| 14:27 | Crear | Villager (Male) |
| 15:29 | Construir | Farm |
| 15:29 | Construir | Farm |
| 15:30 | Construir | Farm |
| 15:30 | Construir | Farm |
| 15:30 | Construir | Farm |
| 15:35 | Investigar | Castle Age |
| 15:36 | Investigar | Castle Age |
| 16:23 | Investigar | Stone Mining |
| 16:25 | Investigar | Gold Mining |
| 16:59 | Crear | Spearman |
| 17:00 | Crear | Spearman |
| 17:17 | Crear | Unit 2550 |
| 17:35 | Crear | Villager (Male) |
| 17:35 | Crear | Villager (Male) |
| 18:15 | Edad | Edad de los Castillos |
| 18:19 | Construir | Town Center |
| 18:28 | Construir | Town Center |
| 18:34 | Crear | Villager (Male) |
| 19:03 | Crear | Villager (Male) |
| 19:16 | Crear | Villager (Male) |
| 19:16 | Crear | Villager (Male) |
| 19:16 | Crear | Villager (Male) |
| 19:17 | Crear | Villager (Male) |
| 19:19 | Crear | Villager (Male) |
| 19:19 | Crear | Villager (Male) |
| 19:19 | Crear | Villager (Male) |
| 19:19 | Crear | Villager (Male) |
| 19:19 | Crear | Villager (Male) |
| 19:40 | Investigar | Heavy Plow |
| 19:42 | Investigar | Bow Saw |
| 19:46 | Crear | Villager (Male) |
| 19:48 | Crear | Villager (Male) |
| 19:59 | Construir | Farm |
| 20:06 | Crear | Villager (Male) |
| 20:20 | Construir | Town Center |
| 20:22 | Crear | Villager (Male) |
| 20:26 | Crear | Villager (Male) |
| 20:37 | Crear | Villager (Male) |
| 20:38 | Crear | Villager (Male) |
| 20:55 | Crear | Villager (Male) |
| 20:59 | Crear | Villager (Male) |
| 21:09 | Crear | Villager (Male) |
| 21:22 | Construir | Monastery |
| 21:29 | Construir | Farm |
| 21:30 | Construir | Farm |
| 21:30 | Construir | Farm |
| 21:30 | Construir | Farm |
| 21:30 | Construir | Farm |
| 21:34 | Crear | Villager (Male) |
| 21:35 | Crear | Villager (Male) |
| 21:35 | Crear | Villager (Male) |
| 21:40 | Construir | House |
| 21:41 | Construir | House |
| 21:42 | Construir | House |
| 21:48 | Crear | Villager (Male) |
| 21:56 | Construir | House |
| 21:58 | Construir | House |
| 21:59 | Construir | House |
| 22:00 | Construir | House |
| 22:04 | Crear | Villager (Male) |
| 22:05 | Crear | Villager (Male) |
| 22:16 | Crear | Villager (Male) |
| 22:28 | Crear | Monk |
| 22:36 | Crear | Villager (Male) |
| 22:37 | Crear | Villager (Male) |
| 22:39 | Crear | Villager (Male) |
| 22:41 | Crear | Villager (Male) |
| 22:51 | Construir | Farm |
| 22:52 | Construir | Farm |
| 22:55 | Construir | Farm |
| 23:00 | Crear | Villager (Male) |
| 23:01 | Crear | Villager (Male) |
| 23:09 | Construir | House |
| 23:10 | Construir | House |
| 23:11 | Construir | House |
| 23:12 | Crear | Villager (Male) |
| 23:30 | Construir | Farm |
| 23:31 | Construir | Farm |
| 23:32 | Construir | Farm |
| 23:33 | Construir | Farm |
| 23:37 | Crear | Villager (Male) |
| 23:44 | Investigar | Wheelbarrow |
| 23:45 | Crear | Villager (Male) |
| 24:01 | Crear | Monk |
| 24:10 | Construir | Farm |
| 24:15 | Construir | House |
| 24:16 | Construir | House |
Build order — Bipaccio
Primeras 150 de 473 acciones detectadas
| 0:03 | Construir | House |
| 0:04 | Crear | Villager (Male) |
| 0:04 | Crear | Villager (Male) |
| 0:04 | Crear | Villager (Male) |
| 0:04 | Crear | Villager (Male) |
| 0:05 | Crear | Villager (Male) |
| 0:06 | Construir | House |
| 1:20 | Crear | Villager (Male) |
| 1:20 | Crear | Villager (Male) |
| 1:56 | Crear | Villager (Male) |
| 1:56 | Crear | Villager (Male) |
| 2:01 | Construir | Lumber Camp |
| 2:16 | Crear | Villager (Male) |
| 2:45 | Crear | Villager (Male) |
| 2:46 | Crear | Villager (Male) |
| 3:07 | Crear | Villager (Male) |
| 3:08 | Crear | Villager (Male) |
| 4:01 | Construir | House |
| 4:02 | Crear | Villager (Male) |
| 4:02 | Crear | Villager (Male) |
| 4:19 | Construir | Mill |
| 4:43 | Crear | Villager (Male) |
| 4:43 | Crear | Villager (Male) |
| 5:34 | Construir | House |
| 5:43 | Crear | Villager (Male) |
| 5:43 | Crear | Villager (Male) |
| 6:16 | Crear | Villager (Male) |
| 6:35 | Crear | Villager (Male) |
| 7:02 | Crear | Villager (Male) |
| 7:14 | Crear | Villager (Male) |
| 7:19 | Construir | Mill |
| 7:36 | Crear | Villager (Male) |
| 8:02 | Construir | Farm |
| 8:20 | Construir | Mining Camp |
| 8:30 | Crear | Villager (Male) |
| 8:34 | Construir | House |
| 8:56 | Crear | Villager (Male) |
| 9:15 | Investigar | Loom |
| 9:16 | Investigar | Feudal Age |
| 9:40 | Crear | Villager (Male) |
| 9:41 | Crear | Villager (Male) |
| 10:56 | Construir | Farm |
| 11:07 | Construir | Farm |
| 11:14 | Construir | Farm |
| 11:47 | Construir | House |
| 11:54 | Crear | Villager (Male) |
| 12:04 | Edad | Edad Feudal |
| 12:14 | Investigar | Double-Bit Axe |
| 12:24 | Construir | Market |
| 12:33 | Crear | Villager (Male) |
| 12:33 | Crear | Villager (Male) |
| 12:37 | Construir | Farm |
| 12:42 | Construir | Farm |
| 12:56 | Construir | Blacksmith |
| 12:59 | Construir | House |
| 13:08 | Crear | Villager (Male) |
| 13:14 | Construir | Farm |
| 13:18 | Construir | Farm |
| 13:31 | Construir | Mining Camp |
| 14:28 | Crear | Villager (Male) |
| 14:37 | Construir | Farm |
| 14:42 | Investigar | Horse Collar |
| 14:54 | Construir | Farm |
| 14:57 | Construir | Farm |
| 15:13 | Crear | Villager (Male) |
| 15:16 | Investigar | Castle Age |
| 16:09 | Construir | House |
| 16:21 | Construir | Barracks |
| 16:33 | Construir | House |
| 16:50 | Investigar | Stone Mining |
| 16:53 | Construir | Farm |
| 17:59 | Crear | Villager (Male) |
| 17:59 | Crear | Villager (Male) |
| 18:18 | Edad | Edad de los Castillos |
| 18:27 | Construir | Monastery |
| 18:42 | Construir | Town Center |
| 18:48 | Crear | Villager (Male) |
| 18:48 | Crear | Villager (Male) |
| 18:51 | Construir | Farm |
| 19:09 | Crear | Monk |
| 19:20 | Construir | Farm |
| 19:23 | Crear | Villager (Male) |
| 19:55 | Crear | Villager (Male) |
| 19:58 | Crear | Villager (Male) |
| 19:58 | Crear | Villager (Male) |
| 19:59 | Crear | Villager (Male) |
| 20:07 | Construir | Stable |
| 20:19 | Crear | Villager (Male) |
| 20:24 | Investigar | Wheelbarrow |
| 20:25 | Crear | Villager (Male) |
| 20:40 | Crear | Villager (Male) |
| 20:40 | Crear | Villager (Male) |
| 20:45 | Construir | Lumber Camp |
| 20:46 | Crear | Villager (Male) |
| 20:46 | Crear | Villager (Male) |
| 21:02 | Construir | Siege Workshop |
| 21:06 | Crear | Villager (Male) |
| 21:07 | Crear | Villager (Male) |
| 21:10 | Crear | Villager (Male) |
| 21:10 | Crear | Villager (Male) |
| 21:25 | Investigar | Bow Saw |
| 22:04 | Construir | Town Center |
| 22:09 | Construir | Mining Camp |
| 22:28 | Construir | House |
| 22:29 | Construir | House |
| 22:30 | Construir | House |
| 22:41 | Crear | Villager (Male) |
| 22:41 | Crear | Villager (Male) |
| 22:46 | Investigar | Gold Mining |
| 22:54 | Construir | Farm |
| 22:57 | Construir | Farm |
| 23:03 | Construir | Farm |
| 23:04 | Crear | Villager (Male) |
| 23:04 | Crear | Villager (Male) |
| 23:25 | Construir | Castle |
| 23:29 | Crear | Villager (Male) |
| 23:30 | Crear | Villager (Male) |
| 23:30 | Crear | Villager (Male) |
| 23:37 | Construir | Farm |
| 23:42 | Investigar | Heavy Plow |
| 23:53 | Construir | Farm |
| 23:57 | Crear | Villager (Male) |
| 23:58 | Crear | Villager (Male) |
| 23:58 | Crear | Villager (Male) |
| 24:03 | Crear | Villager (Male) |
| 24:03 | Crear | Villager (Male) |
| 24:03 | Crear | Villager (Male) |
| 24:03 | Crear | Villager (Male) |
| 24:09 | Construir | Farm |
| 24:13 | Construir | Farm |
| 24:39 | Crear | Knight |
| 24:39 | Crear | Knight |
| 24:46 | Investigar | Scale Barding Armor |
| 24:47 | Crear | Villager (Male) |
| 24:48 | Crear | Villager (Male) |
| 24:48 | Crear | Villager (Male) |
| 24:56 | Construir | Stable |
| 24:57 | Construir | House |
| 24:57 | Construir | House |
| 24:58 | Construir | House |
| 24:58 | Construir | House |
| 25:07 | Construir | Farm |
| 25:11 | Crear | Villager (Male) |
| 25:11 | Crear | Villager (Male) |
| 25:15 | Construir | Farm |
| 25:43 | Crear | Knight |
| 25:43 | Crear | Knight |
| 25:47 | Investigar | Forging |
| 25:48 | Crear | Villager (Male) |
| 25:48 | Crear | Villager (Male) |
Build order — Mineirinha
Primeras 150 de 547 acciones detectadas
| 0:18 | Construir | House |
| 0:32 | Crear | Villager (Male) |
| 0:32 | Crear | Villager (Male) |
| 0:32 | Crear | Villager (Male) |
| 0:33 | Crear | Villager (Male) |
| 0:38 | Construir | House |
| 0:53 | Investigar | Loom |
| 0:53 | Investigar | Loom |
| 0:53 | Crear | Villager (Male) |
| 0:53 | Crear | Villager (Male) |
| 0:53 | Crear | Villager (Male) |
| 0:54 | Crear | Villager (Male) |
| 1:12 | Construir | House |
| 1:14 | Construir | House |
| 1:15 | Construir | House |
| 2:02 | Crear | Villager (Male) |
| 2:02 | Crear | Villager (Male) |
| 2:28 | Crear | Villager (Male) |
| 2:28 | Crear | Villager (Male) |
| 3:27 | Crear | Villager (Male) |
| 3:28 | Crear | Villager (Male) |
| 3:28 | Crear | Villager (Male) |
| 3:32 | Construir | Lumber Camp |
| 4:23 | Crear | Villager (Male) |
| 4:24 | Crear | Villager (Male) |
| 4:24 | Crear | Villager (Male) |
| 4:24 | Crear | Villager (Male) |
| 5:23 | Crear | Villager (Male) |
| 5:24 | Crear | Villager (Male) |
| 5:24 | Crear | Villager (Male) |
| 5:46 | Construir | Mill |
| 6:02 | Crear | Villager (Male) |
| 6:03 | Crear | Villager (Male) |
| 6:08 | Construir | Mill |
| 6:10 | Crear | Villager (Male) |
| 6:10 | Crear | Villager (Male) |
| 6:15 | Crear | Villager (Male) |
| 6:15 | Crear | Villager (Male) |
| 7:21 | Crear | Villager (Male) |
| 7:21 | Crear | Villager (Male) |
| 8:00 | Construir | House |
| 8:01 | Construir | House |
| 8:02 | Construir | House |
| 8:08 | Crear | Villager (Male) |
| 8:53 | Crear | Villager (Male) |
| 9:04 | Crear | Villager (Male) |
| 9:39 | Crear | Villager (Male) |
| 10:25 | Investigar | Feudal Age |
| 10:44 | Construir | Mill |
| 11:02 | Construir | Mining Camp |
| 11:41 | Construir | Mining Camp |
| 12:29 | Edad | Edad Feudal |
| 12:31 | Crear | Villager (Male) |
| 12:31 | Crear | Villager (Male) |
| 12:31 | Crear | Villager (Male) |
| 12:51 | Construir | Farm |
| 12:51 | Construir | Farm |
| 12:52 | Construir | Farm |
| 12:52 | Construir | Farm |
| 12:52 | Construir | Farm |
| 12:52 | Construir | Farm |
| 12:57 | Crear | Villager (Male) |
| 12:58 | Crear | Villager (Male) |
| 13:27 | Construir | Market |
| 13:39 | Construir | Blacksmith |
| 14:25 | Crear | Villager (Male) |
| 14:28 | Construir | Farm |
| 14:59 | Crear | Villager (Male) |
| 15:09 | Investigar | Castle Age |
| 15:33 | Investigar | Horse Collar |
| 15:33 | Investigar | Horse Collar |
| 15:36 | Investigar | Double-Bit Axe |
| 15:36 | Investigar | Double-Bit Axe |
| 16:12 | Investigar | Stone Mining |
| 16:40 | Construir | Lumber Camp |
| 17:35 | Edad | Edad de los Castillos |
| 17:38 | Crear | Villager (Male) |
| 17:38 | Crear | Villager (Male) |
| 17:38 | Crear | Villager (Male) |
| 17:43 | Construir | Lumber Camp |
| 17:51 | Investigar | Bow Saw |
| 17:51 | Investigar | Bow Saw |
| 17:58 | Crear | Villager (Male) |
| 18:11 | Investigar | Heavy Plow |
| 19:25 | Construir | Castle |
| 19:28 | Crear | Villager (Male) |
| 19:28 | Crear | Villager (Male) |
| 19:28 | Crear | Villager (Male) |
| 19:29 | Crear | Villager (Male) |
| 19:54 | Construir | Town Center |
| 20:00 | Investigar | Gold Mining |
| 20:01 | Investigar | Gold Mining |
| 20:02 | Crear | Villager (Male) |
| 20:02 | Crear | Villager (Male) |
| 20:02 | Crear | Villager (Male) |
| 20:20 | Construir | Monastery |
| 20:40 | Construir | House |
| 20:41 | Construir | House |
| 20:50 | Construir | Farm |
| 20:50 | Construir | Farm |
| 20:50 | Construir | Farm |
| 20:50 | Construir | Farm |
| 20:51 | Construir | Farm |
| 21:03 | Investigar | Wheelbarrow |
| 21:10 | Crear | Monk |
| 21:12 | Crear | Monk |
| 21:35 | Crear | Villager (Male) |
| 21:35 | Crear | Villager (Male) |
| 21:36 | Crear | Villager (Male) |
| 21:49 | Construir | Barracks |
| 21:49 | Construir | Barracks |
| 21:56 | Crear | Villager (Male) |
| 21:57 | Crear | Villager (Male) |
| 21:57 | Crear | Villager (Male) |
| 22:05 | Construir | Mining Camp |
| 22:38 | Crear | Villager (Male) |
| 22:38 | Crear | Villager (Male) |
| 22:41 | Construir | Farm |
| 22:42 | Construir | Farm |
| 22:42 | Construir | Farm |
| 22:42 | Construir | Farm |
| 22:42 | Construir | Farm |
| 22:42 | Construir | Farm |
| 22:43 | Construir | Farm |
| 22:46 | Crear | Villager (Male) |
| 22:47 | Crear | Villager (Male) |
| 22:47 | Crear | Villager (Male) |
| 23:13 | Construir | Farm |
| 23:14 | Construir | Farm |
| 23:15 | Construir | Farm |
| 23:22 | Crear | Villager (Male) |
| 23:22 | Crear | Villager (Male) |
| 23:46 | Crear | Villager (Male) |
| 23:52 | Construir | Stable |
| 23:52 | Construir | Stable |
| 23:54 | Construir | Stable |
| 23:55 | Construir | Stable |
| 23:59 | Crear | Villager (Male) |
| 24:10 | Construir | Farm |
| 24:10 | Construir | Farm |
| 24:11 | Construir | Farm |
| 24:11 | Construir | Farm |
| 24:11 | Construir | Farm |
| 24:11 | Construir | Farm |
| 24:11 | Construir | Farm |
| 24:15 | Crear | Villager (Male) |
| 24:16 | Crear | Villager (Male) |
| 24:20 | Crear | Villager (Male) |
| 25:01 | Crear | Villager (Male) |
| 25:01 | Crear | Villager (Male) |
Build order — Giantazio
Primeras 150 de 638 acciones detectadas
| 0:01 | Crear | Villager (Male) |
| 0:01 | Crear | Villager (Male) |
| 0:01 | Crear | Villager (Male) |
| 0:02 | Construir | House |
| 0:03 | Construir | House |
| 0:16 | Crear | Villager (Male) |
| 1:31 | Crear | Villager (Male) |
| 1:46 | Construir | Lumber Camp |
| 2:01 | Crear | Villager (Male) |
| 2:13 | Crear | Villager (Male) |
| 2:35 | Crear | Villager (Male) |
| 3:12 | Crear | Villager (Male) |
| 3:13 | Crear | Villager (Male) |
| 3:49 | Construir | House |
| 3:50 | Construir | House |
| 3:59 | Crear | Villager (Male) |
| 3:59 | Crear | Villager (Male) |
| 4:08 | Construir | House |
| 4:18 | Construir | Mill |
| 4:44 | Crear | Villager (Male) |
| 4:44 | Crear | Villager (Male) |
| 5:03 | Crear | Villager (Male) |
| 5:34 | Crear | Villager (Male) |
| 5:39 | Investigar | Loom |
| 5:56 | Construir | Mining Camp |
| 6:35 | Crear | Villager (Male) |
| 6:53 | Construir | Mill |
| 7:00 | Crear | Villager (Male) |
| 7:19 | Crear | Villager (Male) |
| 7:43 | Construir | Mining Camp |
| 7:54 | Crear | Villager (Male) |
| 8:01 | Investigar | Loom |
| 8:08 | Crear | Villager (Male) |
| 8:18 | Crear | Villager (Male) |
| 9:01 | Crear | Villager (Male) |
| 9:10 | Investigar | Loom |
| 9:10 | Investigar | Feudal Age |
| 9:28 | Construir | Farm |
| 9:54 | Construir | Farm |
| 10:03 | Construir | Farm |
| 10:25 | Crear | Villager (Male) |
| 10:25 | Crear | Villager (Male) |
| 11:32 | Construir | Farm |
| 12:11 | Edad | Edad Feudal |
| 12:14 | Construir | Market |
| 12:18 | Construir | Blacksmith |
| 12:40 | Construir | Farm |
| 13:01 | Investigar | Castle Age |
| 13:02 | Investigar | Castle Age |
| 13:13 | Investigar | Double-Bit Axe |
| 13:47 | Construir | House |
| 13:50 | Construir | House |
| 13:52 | Construir | House |
| 14:07 | Construir | Lumber Camp |
| 14:19 | Investigar | Stone Mining |
| 14:43 | Crear | Villager (Male) |
| 14:43 | Crear | Villager (Male) |
| 15:30 | Construir | Barracks |
| 15:35 | Construir | Palisade Wall |
| 15:41 | Edad | Edad de los Castillos |
| 15:48 | Construir | Town Center |
| 16:01 | Construir | Castle |
| 16:07 | Construir | Farm |
| 16:15 | Investigar | Bow Saw |
| 16:40 | Construir | Palisade Wall |
| 16:43 | Crear | Villager (Male) |
| 16:45 | Crear | Villager (Male) |
| 16:46 | Investigar | Wheelbarrow |
| 17:00 | Crear | Villager (Male) |
| 17:02 | Construir | Farm |
| 17:04 | Construir | Farm |
| 17:20 | Construir | Farm |
| 17:26 | Crear | Villager (Male) |
| 17:28 | Construir | Farm |
| 17:49 | Construir | Monastery |
| 17:52 | Crear | Villager (Male) |
| 18:09 | Construir | Farm |
| 18:10 | Crear | Villager (Male) |
| 18:16 | Construir | Farm |
| 18:19 | Crear | Villager (Male) |
| 18:25 | Construir | Farm |
| 18:38 | Crear | Monk |
| 18:45 | Construir | Farm |
| 18:50 | Construir | Farm |
| 18:53 | Crear | Villager (Male) |
| 18:54 | Crear | Villager (Male) |
| 19:14 | Crear | Villager (Male) |
| 19:32 | Crear | Villager (Male) |
| 19:39 | Construir | Farm |
| 19:42 | Construir | Farm |
| 19:45 | Construir | Farm |
| 19:47 | Crear | Villager (Male) |
| 19:48 | Crear | Villager (Male) |
| 19:55 | Construir | Farm |
| 19:58 | Construir | Farm |
| 20:02 | Crear | Villager (Male) |
| 20:28 | Crear | Villager (Male) |
| 20:30 | Crear | Villager (Male) |
| 20:31 | Crear | Villager (Male) |
| 20:36 | Construir | Farm |
| 20:40 | Construir | Farm |
| 20:44 | Construir | Farm |
| 20:49 | Crear | Villager (Male) |
| 20:50 | Crear | Villager (Male) |
| 21:04 | Crear | Villager (Male) |
| 21:04 | Crear | Villager (Male) |
| 21:11 | Crear | Longbowman |
| 21:11 | Crear | Longbowman |
| 21:11 | Crear | Longbowman |
| 21:20 | Construir | Farm |
| 21:27 | Construir | Farm |
| 21:31 | Construir | Farm |
| 21:33 | Crear | Villager (Male) |
| 21:33 | Crear | Villager (Male) |
| 21:46 | Crear | Villager (Male) |
| 21:47 | Crear | Villager (Male) |
| 21:51 | Construir | Farm |
| 21:58 | Construir | Farm |
| 22:00 | Crear | Villager (Male) |
| 22:01 | Crear | Villager (Male) |
| 22:06 | Investigar | Fletching |
| 22:09 | Crear | Longbowman |
| 22:09 | Crear | Longbowman |
| 22:23 | Crear | Villager (Male) |
| 22:30 | Construir | Lumber Camp |
| 22:33 | Crear | Villager (Male) |
| 22:40 | Construir | Farm |
| 22:43 | Construir | Farm |
| 22:55 | Construir | Farm |
| 23:17 | Investigar | Hand Cart |
| 23:17 | Investigar | Hand Cart |
| 23:31 | Crear | Villager (Male) |
| 23:31 | Crear | Villager (Male) |
| 23:33 | Crear | Villager (Male) |
| 23:38 | Construir | Farm |
| 23:41 | Construir | Farm |
| 23:45 | Construir | Farm |
| 23:53 | Construir | Farm |
| 23:55 | Crear | Villager (Male) |
| 23:55 | Crear | Villager (Male) |
| 24:03 | Crear | Longbowman |
| 24:03 | Crear | Longbowman |
| 24:03 | Crear | Longbowman |
| 24:04 | Crear | Longbowman |
| 24:19 | Crear | Villager (Male) |
| 24:20 | Crear | Villager (Male) |
| 24:26 | Crear | Longbowman |
| 24:27 | Crear | Longbowman |
| 24:30 | Investigar | Squires |
| 24:30 | Investigar | Pikeman (upgrade) |
Cronología de la partida
| 7:21 | Lee · first_building Barracks |
| 10:38 | SIR LOOR FAAL · age_up feudal |
| 10:50 | Lee · age_up feudal |
| 11:41 | Lee · first_building Archery Range |
| 12:04 | Bipaccio · age_up feudal |
| 12:11 | Giantazio · age_up feudal |
| 12:12 | Mosto990 · age_up feudal |
| 12:29 | Mineirinha · age_up feudal |
| 15:21 | SIR LOOR FAAL · age_up castle |
| 15:30 | Giantazio · first_building Barracks |
| 15:35 | Giantazio · wall_segment Palisade Wall x1 |
| 15:41 | Giantazio · age_up castle |
| 15:53 | Mosto990 · age_up castle |
| 16:01 | Giantazio · first_building Castle |
| 16:21 | Bipaccio · first_building Barracks |
| 16:40 | Giantazio · wall_segment Palisade Wall x1 |
| 17:35 | Mineirinha · age_up castle |
| 17:49 | Giantazio · first_building Monastery |
| 18:15 | Lee · age_up castle |
| 18:18 | Bipaccio · age_up castle |
| 18:27 | Bipaccio · first_building Monastery |
| 18:45 | Mosto990 · first_building Barracks |
| 19:25 | Mineirinha · first_building Castle |
| 19:27 | Mosto990 · first_building Siege Workshop |
| 19:37 | SIR LOOR FAAL · first_building Siege Workshop |
| 19:48 | Mineirinha · first_market_buy 100 stone |
| 20:02 | Mosto990 · first_building Stable |
| 20:07 | Bipaccio · first_building Stable |
| 20:20 | Mineirinha · first_building Monastery |
| 20:46 | Mosto990 · first_building Archery Range |
| 21:02 | Bipaccio · first_building Siege Workshop |
| 21:22 | Lee · first_building Monastery |
| 21:49 | Mineirinha · first_building Barracks |
| 21:52 | Bipaccio · first_market_buy 100 wood |
| 22:14 | SIR LOOR FAAL · first_market_buy 100 food |
| 22:27 | SIR LOOR FAAL · first_building Monastery |
| 22:50 | Giantazio · first_market_buy 100 wood |
| 23:25 | Bipaccio · first_building Castle |
| 23:52 | Mineirinha · first_building Stable |
| 24:19 | SIR LOOR FAAL · first_building Castle |
| 24:58 | Mosto990 · first_market_buy 100 food |
| 25:09 | Mosto990 · first_market_sell 100 wood |
| 25:44 | SIR LOOR FAAL · first_building Barracks |
| 26:13 | SIR LOOR FAAL · first_building Stable |
| 26:57 | Lee · first_building Castle |
| 27:12 | Lee · first_building Siege Workshop |
| 27:31 | Mineirinha · first_building Siege Workshop |
| 28:00 | SIR LOOR FAAL · first_market_sell 100 wood |
| 28:00 | Giantazio · first_market_sell 100 food |
| 29:00 | Bipaccio · first_building Archery Range |
| 29:16 | Mosto990 · age_up imperial |
| 31:11 | Mineirinha · age_up imperial |
| 31:17 | Lee · age_up imperial |
| 31:19 | Giantazio · age_up imperial |
| 31:42 | Bipaccio · age_up imperial |
| 33:18 | Mosto990 · first_building Castle |
| 34:18 | Lee · first_market_sell 100 food |
| 38:42 | SIR LOOR FAAL · age_up imperial |
| 50:43 | SIR LOOR FAAL · first_building Archery Range |
| 52:30 | Mineirinha · first_market_sell 500 stone |
| 53:03 | Bipaccio · first_market_sell 500 wood |
| 53:58 | SIR LOOR FAAL · resign |
[ ANÁLISIS IA · 1 CRÉDITO ]
¿Qué pasó realmente en esta partida?
Wolo.gg analiza cada decisión: build order, eco, micro, errores típicos por bracket. Análisis personalizado por WhatsApp o Discord en 30 segundos.
Guía civ
Sarracenos
Guía mapa
Arena
Perfil
Jugador #21796310